AoeStats
← Gewinner2punkt0

Arabia

510171539Analyzed
3v3 RM · 2d ago on Sep 29, 2026· 52m 29s· 6 players
Game mode
Random Map
Map size
Normal (6 player)
Population
200
Speed
Normal
Resources
Standard
Victory
Conquest
Starting age
Dark Age
Ending age
Imperial Age
RankedLock teamsTeams togetherTeam positionsShared explorationLock speedFull tech treeHidden civsTurbo modeCheats
Victory
Defeat
🇦🇹 Ethiopians · Austria
939
+16
🇩🇪 Romans · Germany
934
+16
🇦🇹 Magyars · Austria
876
+18
🇪🇸 Maya · Spain
941
-17
🇩🇰 Byzantines · Denmark
941
-49
🇨🇿 Saxons · Czechia
912
-16
Udy6969
11:16 Feudal Age
11:28 Loom
13:25 Double-Bit Axe
20:33 Castle Age
19:11 Stone Mining
20:30 Horse Collar
21:28 Wheelbarrow
20:56 Fletching
23:06 Bow Saw
24:25 Murder Holes
24:51 Ballistics
24:36 Bodkin Arrow
26:12 Heavy Plow
27:32 Treadmill Crane
29:58 Hand Cart
29:29 Town Watch
29:52 Gambesons
29:27 Man-at-Arms
31:11 Long Swordsman
32:11 Arson
32:26 Squires
33:08 Scale Mail Armor
33:18 Forging
38:08 Imperial Age
36:07 Town Patrol
36:50 Fortified Wall
36:51 Masonry
40:13 Two-Man Saw
38:42 Two-Handed Swordsman
40:19 Husbandry
40:29 Bloodlines
39:40 Light Cavalry
40:59 Scale Barding Armor
41:30 Iron Casting
41:34 Conscription
41:21 Bracer
42:40 Chemistry
42:19 Chain Barding Armor
42:15 Chain Mail Armor
42:14 Hussar
CoffeeRhyme7095
10:00 Feudal Age
8:16 Loom
17:25 Castle Age
15:35 Horse Collar
15:56 Fletching
16:33 Gold Mining
16:54 Double-Bit Axe
17:13 Padded Archer Armor
18:32 Town Watch
19:01 Bow Saw
19:11 Heavy Plow
20:50 Bodkin Arrow
20:55 Crossbowman
22:51 Leather Archer Armor
24:10 Wheelbarrow
25:01 Stone Mining
31:25 Imperial Age
29:18 Ballistics
29:14 Thumb Ring
33:38 Arbalester
37:39 Chemistry
37:50 Bracer
39:45 Ring Archer Armor
41:28 Conscription
41:57 Hand Cart
43:12 Murder Holes
45:19 Two-Man Saw
solid_mat21
34:07 Feudal Age
35:30 Wheelbarrow
37:46 Man-at-Arms
38:21 Horse Collar
50:50 Castle Age
51:27 Pikeman
51:36 Long Swordsman
babeltube
3:29 Loom
11:00 Feudal Age
16:33 Bloodlines
20:10 Double-Bit Axe
20:08 Horse Collar
23:27 Castle Age
25:46 Bow Saw
26:07 Husbandry
29:25 Scale Barding Armor
36:56 Light Cavalry
44:53 Chain Barding Armor
47:52 Imperial Age
48:23 Hussar
52:22 Cavalier
Gewinner2punkt0
8:05 Loom
10:57 Feudal Age
15:16 Forging
15:42 Horse Collar
15:50 Double-Bit Axe
23:18 Castle Age
24:30 Wheelbarrow
24:29 Gold Mining
24:51 Bow Saw
24:43 Heavy Plow
26:02 Crossbowman
31:27 Fletching
38:25 Imperial Age
39:36 Bodkin Arrow
39:42 Padded Archer Armor
42:22 Chemistry
41:43 Ballistics
42:26 Chemistry
42:18 Arbalester
ExpertZebra1000
12:23 Feudal Age
13:32 Loom
17:01 Castle Age
15:16 Double-Bit Axe
18:36 Bow Saw
20:30 Horse Collar
20:44 Gold Mining
20:45 Stone Mining
22:53 Pikeman
34:05 Imperial Age
33:03 Ballistics
32:54 Squires
36:56 Heavy Scorpion
43:13 Halberdier
45:10 Chemistry
Connection lost

Rejoining the realm…

Still unreachable

The connection could not be restored.

Session expired

The server has moved on; the page needs a fresh start.